 Dungeon Crawl Stone Soup version 0.31-a0-361-g0f8bd3a31e (webtiles) character file.

Game seed: 4467537281141263410

269 Locuples the Chopper (level 6, -3/48 HPs)
             Began as a Formicid Fighter on July 27, 2023.
             Slain by Grinder (5 damage)
             ... on level 4 of the Dungeon.
             The game lasted 00:06:25 (2680 turns).

Locuples the Chopper (Formicid Fighter)             Turns: 2680, Time: 00:06:27

Health: -3/48      AC:  9    Str: 23    XL:     6   Next: 46%
Magic:  6/6        EV:  7    Int:  7    God:
Gold:   218        SH:  9    Dex: 13    Spells: 5/5 levels left

rFire   + . .        a - +0 war axe
rCold   . . .        o - +0 kite shield
rNeg    . . .        n - +0 chain mail
rPois   .            (helmet unavailable)
rElec   .            (no cloak)
rCorr   +            (no gloves)
SInv    +            (no boots)
Will    .....        (no amulet) Stlth
                     h - ring of resist corrosion
HPRegen 0.28/turn    e - ring of protection from fire
MPRegen 0.10/turn

%: no passive effects
@: mighty
A: permanent stasis, dig shafts and tunnels, antennae 3, four strong arms
a: Dig, Shaft Self


You were on level 4 of the Dungeon.
You visited 1 branch of the dungeon, and saw 4 of its levels.

You collected 218 gold pieces.

Inventory:

Hand Weapons
 a - a +0 war axe (weapon)
Armour
 n - a +0 chain mail (worn)
 o - a +0 kite shield (worn)
Jewellery
 e - a ring of protection from fire (right hand)
 h - a ring of resist corrosion (left hand)
Wands
 s - a wand of flame (15)
Scrolls
 c - a scroll of silence {unknown}
 g - a scroll of acquirement {unknown}
 j - 3 scrolls of teleportation {unknown}
 k - a scroll of enchant weapon {unknown}
 l - a scroll of amnesia {unknown}
 m - a scroll of noise {unknown}
 p - a scroll of identify {unknown}
 q - a scroll of fog {unknown}
 r - 3 scrolls of blinking {unknown}
Potions
 b - 2 potions of ambrosia {unknown}
 f - a potion of cancellation {unknown}
 i - 2 potions of curing {unknown}


   Skills:
 + Level 4.0 Fighting
 * Level 4.9 Axes
 + Level 4.4 Armour
 + Level 0.4 Dodging
 + Level 4.7 Shields


You had 5 spell levels left.
You didn't know any spells.
Your spell library contained the following spells:

 Spells                   Type           Power      Damage    Failure   Level
 Foxfire                  Conj/Fire      0%         2x1d4     99%         1
 Freeze                   Ice            0%         1d3       99%         1
 Frozen Ramparts          Ice            0%         1d1       100%        3
 Hailstorm                Conj/Ice       0%         3d3       100%        3
 Ignite Poison            Fire/Tmut/Pois 0%         N/A       100%        3
 Sticky Flame             Conj/Fire      0%         2d3       100%        4
 Plasma Beam              Fire/Air       0%         2x1d10    100%        6
 Starburst                Conj/Fire      0%         6d3       100%        6
 Ignition                 Fire           0%         3d3       100%        8


Dungeon Overview and Level Annotations

Branches:
Dungeon (4/15)
 Temple: D:4-7

Altars:
Cheibriados
Fedhas

Shops:
D:4 *

Annotations:
D:4 Grinder


Innate Abilities, Weirdness & Mutations

You cannot be hasted, slowed, berserked, paralysed or teleported.
You can dig through walls and to a lower floor.
You have a pair of large antennae on your head. (SInv)
Your four strong arms can wield two-handed weapons with a shield.


Message History

Grinder hits you. x2
You hit Grinder.
Grinder is moderately wounded.
Grinder hits you but does no damage.
You hit Grinder but do no damage.
Grinder is moderately wounded.
Grinder gestures at you. Pain shoots through your body!
Grinder gestures at you. You resist with some effort.
You hit Grinder.
Grinder is moderately wounded.
Grinder closely misses you.
You closely miss Grinder.
Grinder is moderately wounded.
Grinder blinks!
Grinder blinks!
Grinder barely misses you.
You hit Grinder.
Grinder is moderately wounded.
You block Grinder's attack. Grinder hits you.
You writhe in agony.
You barely miss Grinder.
Grinder is moderately wounded.
Grinder hits you.
* * * LOW HITPOINT WARNING * * *
You writhe in agony.
* * * LOW HITPOINT WARNING * * *
You hit Grinder but do no damage.
Grinder is moderately wounded.
Grinder barely misses you.
You feel very mighty all of a sudden. Grinder closely misses you.
You barely miss Grinder.
Grinder is moderately wounded.
Grinder hits you!
* * * LOW HITPOINT WARNING * * *
You writhe in agony.
* * * LOW HITPOINT WARNING * * *
Grinder hits you.
You die...

..≈≈##....##
##.###..... #
...≈#...#..# #..#
#.#### .
...≈##..###.###.#..
.# ....'...#
##.#.##.#. .#
....'...###....##.#.#
...≈#.............. .
...≈#..####....##
..≈≈##.## #...####
.≈≈####.## ##..5@.#
≈≈## ##.# #..###.#
≈### ##.## #.## #.#
##.###.## #.# #.#
###.#.######.## #.#
##..........# #.#
#########..# #.# #..#
#.# #..# ...


You could see Grinder.

Vanquished Creatures
  A black bear (D:4)
  2 hounds (D:3)
  A jelly (D:4)
  A gnoll (D:3)
  2 adders
  2 worms
  2 dart slugs
  5 bats
  5 endoplasms
  4 giant cockroaches
  5 hobgoblins
  7 kobolds
  6 quokkas
  4 ball pythons
  3 frilled lizards
  5 goblins
  2 rats (D:2)
57 creatures vanquished.

Notes
Turn   | Place    | Note
-------+----------+-------------------------------------------
     0 | D:1      | Locuples the Formicid Fighter began the quest for the Orb.
     0 | D:1      | Reached XP level 1. HP: 18/18 MP: 1/1
   204 | D:1      | Reached XP level 2. HP: 24/24 MP: 2/2
   875 | D:2      | Reached XP level 3. HP: 29/29 MP: 3/3
  1236 | D:2      | Reached XP level 4. HP: 33/37 MP: 4/4
  1386 | D:3      | Found a blossoming altar of Fedhas.
  1531 | D:3      | Found a snail-covered altar of Cheibriados.
  1836 | D:3      | Reached XP level 5. HP: 19/42 MP: 5/5
  2487 | D:4      | Noticed a black bear
  2496 | D:4      | Killed a black bear
  2497 | D:4      | Reached XP level 6. HP: 37/48 MP: 6/6
  2519 | D:4      | Found Duonif's General Store.
  2660 | D:4      | Noticed Grinder
  2680 | D:4      | HP: 2/48 [Grinder (5)]
  2680 | D:4      | Slain by Grinder

Illustrated notes

Levels and vault maps discovered:
D:1:      dpeg_arrival_arbitrary_b, layout_basic
D:2:      layout_rooms, minmay_domino_4
D:3:      layout_basic, mainiacjoe_overflow_chevrons,
          mainiacjoe_overflow_small_starburst, cheibrodos_gnoll_hut
D:4:      layout_loops_ring, nicolae_qazlal_general_emergency, serial_shops,
          shop, kennysheep_cross_room, uniq_grinder

Skill      XL: |  1  2  3  4  5 |
---------------+----------------+-----
Armour         | 4 |  4.4
Axes           | 3 4 |  4.9
Fighting       | 4 |  4.0
Dodging        | |  0.4
Shields        | |  4.7

Action                     |  1- 3 |  4- 6 || total
---------------------------+-------+-------++-------
  Melee: War axe           |    68 |   109 ||   177
    Use: Potion            |       |     1 ||     1
 Armour: Scale mail        |    34 |       ||    34
         Chain mail        |     1 |    69 ||    70
  Dodge: Dodged            |    33 |    47 ||    80
  Block: Buckler           |    22 |     5 ||    27
         Kite shield       |       |    32 ||    32

Table legend: (Time is in decaauts)
 A = Elapsed time spent in this place.
 B = Non-inter-level travel time spent in this place.
 C = Inter-level travel time spent in this place.
 D = Time resting spent in this place.
 E = Time spent auto-exploring this place.
 F = Levels seen in this place.
 G = Mean time per level.
                   A        B        C        D        E       F      G
               +--------+--------+--------+--------+--------+-----+--------+
         Total |   2753 |   2661 |     92 |     78 |   1799 |   4 |  688.2 |
       Dungeon |   2753 |   2661 |     92 |     78 |   1799 |   4 |  688.2 |
               +--------+--------+--------+--------+--------+-----+--------+

Top non-repeatable levels by time:
     D:3: 1102 daAuts
     D:1: 884 daAuts
     D:2: 525 daAuts
     D:4: 240 daAuts
